 Dungeon Crawl Stone Soup version 0.29.0-13-gc9e81de378 (webtiles) character file.

Game seed: 3459412045907339583

216 themarg the Chopper (level 5, -2/70 HPs)
             Began as a Minotaur Berserker on Sept 7, 2022.
             Was a Believer of Trog.
             Slain by an orc
             ... wielding a +0 hand axe
              (7 damage)
             ... on level 4 of the Dungeon.
             The game lasted 00:05:22 (4141 turns).

themarg the Chopper (Minotaur Berserker)            Turns: 4141, Time: 00:05:22

Health: -2/70      AC:  3    Str: 24    XL:     5   Next: 61%
Magic:  4/4        EV: 12    Int:  4    God:    Trog [**....]
Gold:   110        SH:  0    Dex:  9    Spells: 4/4 levels left

rFire   . . .      SeeInvis .   a - +0 hand axe
rCold   . . .      Faith    .   (no shield)
rNeg    . . .      Spirit   .   b - +0 animal skin
rPois   .          Reflect  .   (helmet restricted)
rElec   .          Harm     .   (no cloak)
rCorr   .          Rampage  .   (no gloves)
Will    .....                   r - +0 pair of boots
Stlth   ..........              (no amulet)
HPRegen 0.21/turn               (no ring)
MPRegen 0.09/turn               (no ring)

@: berserking, very quick
A: horns 2, retaliatory headbutt
a: Renounce Religion, Berserk, Trog's Hand


You were on level 4 of the Dungeon.
You worshipped Trog.
Trog was pleased with you.
You visited 1 branch of the dungeon, and saw 4 of its levels.

You collected 198 gold pieces.
You spent 88 gold pieces at shops.

Inventory:

Hand Weapons
 a - a +0 hand axe (weapon)
Missiles
 d - 10 poisoned darts (quivered)
Armour
 b - a +0 animal skin (worn)
 k - a +0 scale mail
 r - a +0 pair of boots (worn)
Jewellery
 h - a ring of protection from cold
 o - a +6 ring of intelligence
 t - an amulet of regeneration
Wands
 y - a wand of light (13)
Scrolls
 e - 4 scrolls of identify {unknown}
 f - a scroll of poison {unknown}
 i - 2 scrolls of teleportation {unknown}
 j - 3 scrolls of noise {unknown}
 m - 2 scrolls of amnesia {unknown}
 p - a scroll of immolation {unknown}
 q - a scroll of torment {unknown}
 u - a scroll of enchant weapon {unknown}
 v - a scroll of vulnerability {unknown}
 w - a scroll of fear {unknown}
Potions
 c - a potion of mutation {unknown}
 g - a potion of flight {unknown}
 l - a potion of haste {unknown}
 n - a potion of resistance {unknown}
 s - 2 potions of ambrosia {unknown}


   Skills:
 + Level 4.9 Fighting
 + Level 4.9 Axes
 + Level 4.1 Armour
 + Level 3.7 Dodging


You had 4 spell levels left.
You didn't know any spells.
Your spell library was empty.

Dungeon Overview and Level Annotations

Branches:
Dungeon (4/15)
 Temple: D:4-7

Altars:
Dithmenos
Makhleb

Shops:
D:3 !


Innate Abilities, Weirdness & Mutations

You have a pair of horns on your head.
You reflexively headbutt those who attack you in melee.


Message History

You hit the orc but do no damage.
The orc priest invokes the aid of Beogh against you.
Pain shoots through your body!
The orc hits you from afar with a +0 trident.
The orc hits you but does no damage.
You hit the orc.
The orc is lightly wounded.
The orc hits you from afar with a +0 trident.
The orc hits you with a +0 hand axe.
You hit the orc but do no damage. You headbutt the orc.
The orc is heavily wounded.
The orc priest looks satisfied for a moment.
The orc hits you from afar with a +0 trident.
The orc hits you with a +0 hand axe.
You closely miss the orc.
The orc is heavily wounded.
The orc barely misses you. The orc closely misses you.
You hit the orc priest but do no damage.
Your headbutt misses the orc priest. You barely miss the orc.
You hit the giant cockroach but do no damage.
The giant cockroach bites you but does no damage.
The orc barely misses you. The orc completely misses you.
The orc priest misses you.
You barely miss the orc priest. You hit the orc.
You hit the giant cockroach but do no damage.
The giant cockroach bites you but does no damage.
The orc priest hits you with a +0 short sword.
The orc hits you from afar with a +0 trident.
* * * LOW HITPOINT WARNING * * *
The orc hits you but does no damage.
The giant cockroach bites you but does no damage.
A red film seems to cover your vision as you go berserk!
You feel yourself moving faster!
You feel mighty!
The orc hits you from afar with a +0 trident.
* * * LOW HITPOINT WARNING * * *
The orc priest calls down the wrath of Beogh upon you.
Pain shoots through your body!
* * * LOW HITPOINT WARNING * * *
The orc hits you with a +0 hand axe!
You die...

####.###.#....#########
#. #.#....#.......# #.
#.#....#.......# #.
#..............# #.
###............# #.
#............#
#....#.......#
#....#.......#
#....#.@o....#
#....#.oB....#
......#.o.....#
.......###.#####
....... .. ... #<.. ##.


You could see an orc priest, 2 orcs and a giant cockroach.

Vanquished Creatures
  A scorpion (D:4)
  An orc wizard (D:4)
  Robin (D:3)
  3 adders
  8 orcs
  10 endoplasms
  5 giant cockroaches
  11 goblins
  10 hobgoblins
  4 kobolds
  3 quokkas
  10 ball pythons
  5 bats
  3 frilled lizards (D:1)
  8 rats
83 creatures vanquished.

Notes
Turn   | Place    | Note
-------+----------+-------------------------------------------
     0 | D:1      | themarg the Minotaur Berserker began the quest for the Orb.
     0 | D:1      | Reached XP level 1. HP: 19/19 MP: 0/0
   439 | D:1      | Found a faded altar of an unknown god.
   444 | D:1      | Reached XP level 2. HP: 23/27 MP: 1/1
   885 | D:1      | Reached ** piety under Trog
   962 | D:1      | Reached XP level 3. HP: 30/33 MP: 2/2
  2462 | D:3      | Reached XP level 4. HP: 33/41 MP: 3/3
  2842 | D:3      | Found a burning altar of Makhleb.
  3035 | D:3      | Found a shadowy altar of Dithmenos.
  3103 | D:3      | Found Xaivor's Distillery.
  3113 | D:3      | Bought a potion of heal wounds for 55 gold pieces
  3113 | D:3      | Bought a potion of curing for 33 gold pieces
  3230 | D:3      | Noticed Robin
  3241 | D:3      | Killed Robin
  3470 | D:4      | Reached XP level 5. HP: 18/47 MP: 4/4
  4141 | D:4      | Slain by an orc

Illustrated notes

Levels and vault maps discovered:
D:1:      nzn_arrival_depleted_hourglass, layout_loops_corners,
          shapermc_ecumenical_altar_starsandcircs
D:2:      layout_basic
D:3:      layout_basic, grunt_dithmenos_smoke_and_mirrors,
          nicolae_overflow_crystal_walls, serial_shops, shop, uniq_robin
D:4:      layout_basic, lemuel_tele_altar, chequers_serial_rivers_small_3,
          sigmund_army

Skill      XL: |  1  2  3  4  5 |
---------------+----------------+-----
Fighting       | 4 |  4.9
Axes           | 4 |  4.9
Armour         | 3 4 |  4.1
Dodging        | 3 |  3.7

Action                   |  1- 3 |  4- 6 || total
-------------------------+-------+-------++-------
Melee: Hand axe          |    96 |    69 ||   165
       Headbutt          |    14 |     9 ||    23
Invok: Berserk           |       |     4 ||     4
  Use: Potion            |       |     2 ||     2
Armor: Animal skin       |    18 |    16 ||    34
Dodge: Dodged            |    61 |    46 ||   107
